AoeStats
← FC_M@sTer

Arabia

508798792Analyzed
3v3 RM · 9d ago on Sep 24, 2026· 42m 12s· 6 players
Game mode
Random Map
Map size
Normal (6 player)
Population
200
Speed
Normal
Resources
Standard
Victory
Conquest
Starting age
Dark Age
Ending age
Imperial Age
RankedLock teamsTeams togetherTeam positionsShared explorationLock speedFull tech treeHidden civsTurbo modeCheats
Victory
Defeat
🇨🇴 Saracens · Colombia
1263
+14
🇩🇪 Persians · Germany
1208
+17
🇲🇽 Bengalis · Mexico
1192
+17
🇨🇴 Poles · Colombia
1375
-21
1319
-20
🇨🇴 Khitans · Colombia
970
-7
Peekachu
6:19 Loom
9:25 Feudal Age
16:40 Scale Barding Armor
16:46 Bloodlines
17:49 Forging
20:53 Castle Age
19:06 Double-Bit Axe
19:51 Gold Mining
23:01 Chain Barding Armor
23:09 Light Cavalry
24:25 Town Watch
26:02 Wheelbarrow
26:25 Husbandry
27:10 Bow Saw
26:44 Horse Collar
31:30 Iron Casting
38:46 Hand Cart
41:39 Town Patrol
Dr. NicRIv
8:17 Loom
10:39 Feudal Age
11:51 Double-Bit Axe
15:51 Fletching
24:54 Castle Age
23:10 Gold Mining
24:57 Crossbowman
25:34 Bodkin Arrow
26:49 Bow Saw
40:48 Imperial Age
39:20 Ballistics
39:56 Gold Shaft Mining
41:21 Wheelbarrow
41:01 Horse Collar
40:49 Arbalester
41:30 Bracer
42:38 Chemistry
Terror_Khan
5:39 Loom
10:04 Feudal Age
18:08 Fletching
23:07 Town Watch
26:16 Castle Age
24:39 Double-Bit Axe
26:25 Horse Collar
31:57 Bodkin Arrow
36:06 Bow Saw
36:46 Padded Archer Armor
37:26 Paiks
37:39 Husbandry
40:18 Heavy Plow
41:05 Bloodlines
42:02 Wheelbarrow
44:35 Imperial Age
FC_M@sTer
6:59 Loom
9:33 Feudal Age
16:33 Fletching
26:22 Castle Age
25:10 Bloodlines
25:35 Scale Barding Armor
26:28 Forging
26:36 Light Cavalry
FC_Satuplese
11:51 Feudal Age
10:09 Loom
11:57 Feudal Age
14:08 Double-Bit Axe
17:55 Wheelbarrow
19:11 Fletching
24:40 Padded Archer Armor
26:16 Scale Barding Armor
32:30 Castle Age
34:25 Elite Skirmisher
37:19 Leather Archer Armor
FC_Proyecto_El_Conquistador_X
5:41 Loom
8:31 Feudal Age
9:06 Double-Bit Axe
9:22 Horse Collar
18:21 Scale Barding Armor
22:29 Castle Age
20:42 Gold Mining
21:29 Bloodlines
23:09 Wheelbarrow
22:52 Forging
23:29 Husbandry
24:45 Bow Saw
26:36 Chain Barding Armor
42:24 Town Watch
42:55 Hand Cart
Connection lost

Rejoining the realm…

Still unreachable

The connection could not be restored.

Session expired

The server has moved on; the page needs a fresh start.